 Dungeon Crawl Stone Soup version 0.31-a0-986-g5e6e4ef867 (webtiles) character file.

Game seed: 6728711274760499085

261 IdlyInterested the Changeling (level 5, -7/61 HPs)
             Began as a Demonspawn Shapeshifter on Nov 14, 2023.
             Mangled by Menkaure (10 damage)
             ... on level 4 of the Dungeon.
             The game lasted 00:07:12 (3083 turns).

IdlyInterested the Changeling (DsSh)                Turns: 3083, Time: 00:07:13

Health: -7/61      AC: 22    Str: 14      XL:     5   Next: 96%
Magic:  5/5        EV:  2    Int: 11      God:
Gold:   152        SH:  0    Dex: 14 (15) Spells: 4/4 levels left

rFire   . .          .
                       - Unarmed
rCold   . . .        (no shield)
rNeg    . . .        a - melded +0 animal skin
rPois   +            (helmet currently unavailable)
rElec   .            (cloak currently unavailable)
rCorr   .            (gloves currently unavailable)
SInv    .            (boots currently unavailable)
Will    .....        (no amulet)
Stlth   +            (no ring)
HPRegen 0.30/turn    (no ring)
MPRegen 0.09/turn

%: no passive effects
@: tree-form
A: stationary, stasis, torment immunity, boosted hp, demonic magic 1, (weakness
stinger 2)
a: no special abilities


You were on level 4 of the Dungeon.
You were a tree.
You visited 1 branch of the dungeon, and saw 4 of its levels.
You also visited: Sewer.

You collected 152 gold pieces.

Inventory:

Hand Weapons
 m - a +1 short sword
Missiles
 f - 13 poisoned darts
 i - 18 stones (quivered)
Armour
 a - a +0 animal skin (melded)
Talismans
 c - a beast talisman
 d - a flux talisman
 j - a serpent talisman
Wands
 n - a wand of roots (14)
Scrolls
 e - a scroll of blinking
 o - a scroll of amnesia {unknown}
 s - a scroll of fear {unknown}
Potions
 l - a potion of attraction
 p - a potion of haste


   Skills:
 + Level 3.1 Fighting
 - Level 1.0 Armour
 - Level 1.7 Dodging
 - Level 2.6 Unarmed Combat
 + Level 1.7 Evocations
 * Level 4.5 Shapeshifting


You had 4 spell levels left.
You didn't know any spells.
Your spell library contained the following spells:

 Spells                   Type           Power      Damage    Failure   Level
 Sandblast                Erth           0%         2d4       34%         1
 Passwall                 Tmut/Erth      0%         N/A       47%         2
 Stone Arrow              Conj/Erth      0%         3d7       71%         3
 Brom's Barrelling Bould  Conj/Erth      0%         2d3       98%         4


Dungeon Overview and Level Annotations

Branches:
Dungeon (4/15)              Sewer (visited)
 Temple: D:4-7

Altars:

Annotations:
D:4 Menkaure


Innate Abilities, Weirdness & Mutations

You are a tree.
Your roots penetrate the ground, keeping you stationary.
You cannot be teleported.
You are immune to unholy pain and torment.
Your maximum health is greatly increased.
Your equipment is partially melded.
Spells you cast may paralyse adjacent enemies.
((You have a tail ending in a sharp stinger.))


Message History

You are poisoned.
The adder poisons you!
Menkaure calls on the powers of darkness!
Your body is wracked with pain!
* * * LOW HITPOINT WARNING * * *
The adder convulses!
You feel much better.
You feel sick. The adder bites you.
You are more poisoned.
The adder poisons you! Menkaure hits you!
You hit Menkaure. You tail-slap Menkaure.
Menkaure is moderately damaged.
You feel sick. The adder barely misses you. Menkaure misses you.
You hit Menkaure.
You tail-slap Menkaure, but do no damage.
Menkaure is moderately damaged.
You feel sick. The adder barely misses you.
Menkaure calls on the powers of darkness!
Your body is wracked with pain!
* * * LOW HITPOINT WARNING * * *
The adder convulses!
You feel better. The adder bites you but does no damage.
Menkaure points at you and mumbles some strange words.
Pain shoots through your body!
* * * LOW HITPOINT WARNING * * *
The adder closely misses you.
You feel better.
Menkaure calls on the powers of darkness!
Your body is wracked with pain!
* * * LOW HITPOINT WARNING * * *
The adder convulses!
The adder bites you but does no damage.
Your transformation has ended.
You turn into a tree.
Your +0 animal skin melds into your body.
Your roots penetrate the ground.
Menkaure hits you!
* * * LOW HITPOINT WARNING * * *
The adder bites you but does no damage. Menkaure hits you but does no damage.
You hit Menkaure.
Menkaure is heavily damaged.
The adder bites you but does no damage. Menkaure hits you!
You die...

#....#
#..#....#
+....# ..
#..#....#
#....# ...
#..#....#
#....#
....#..'....#
######
....####....#
#......#####
+......#
#......#
#....S♣#
........M...#
............#
............#
............#
............#
#############


You could see Menkaure (fast) and an adder.

Vanquished Creatures
  A kobold brigand (Sewer)
  An iguana (D:2)
  8 adders
  A river rat (Sewer)
  2 worms (Sewer)
  2 dart slugs
  11 ball pythons
  5 endoplasms
  6 giant cockroaches
  3 goblins
  6 hobgoblins
  6 jackals
  12 kobolds
  2 quokkas
  5 bats
  A frilled lizard (D:2)
  6 rats
78 creatures vanquished.

Vanquished Creatures (others)
  A hobgoblin (D:3)
1 creature vanquished.

Grand Total: 79 creatures vanquished

Notes
Turn   | Place    | Note
-------+----------+-------------------------------------------
     0 | D:1      | IdlyInterested the Demonspawn Shapeshifter began the quest
                  | for the Orb.
     0 | D:1      | Reached XP level 1. HP: 15/15 MP: 1/1
   255 | D:1      | Gained mutation: Spells you cast may paralyse adjacent
                  | enemies. [demonic ancestry]
   255 | D:1      | Reached XP level 2. HP: 15/21 MP: 2/2
   261 | D:1      | Reached skill level 3 in Shapeshifting
   781 | D:2      | Reached skill level 1 in Armour
   781 | D:2      | Discovered your monstrous ancestry.
   781 | D:2      | Gained mutation: You have a small tail. [demonic ancestry]
   781 | D:2      | Reached XP level 3. HP: 27/27 MP: 3/3
   965 | D:2      | Reached XP level 4. HP: 24/33 MP: 4/4
  1435 | D:3      | Found a glowing drain.
  1452 | D:3      | Reached skill level 4 in Shapeshifting
  1458 | Sewer    | Entered a sewer
  1779 | Sewer    | Gained mutation: You have a tail ending in a sharp stinger.
                  | [demonic ancestry]
  1779 | Sewer    | Reached XP level 5. HP: 13/39 MP: 5/5
  1937 | Sewer    | Reached skill level 1 in Evocations
  3071 | D:4      | Noticed Menkaure
  3082 | D:4      | HP: 3/61 [Menkaure (11)]
  3083 | D:4      | Mangled by Menkaure

Illustrated notes

Levels and vault maps discovered:
D:1:      minmay_arrival_checkered_box, layout_basic
D:2:      layout_rooms, minmay_pentomino_u4
D:3:      layout_loops_ring, cheibrodos_sewer_entry_drain,
          minmay_misc_feat_diagonals
D:4:      layout_gridville, nicolae_tso_besieged_by_evil,
          dancing_weapons_uskayaw, serial_shops, nicolae_diamond_shop,
          uniq_grinder, uniq_ijyb, uniq_menkaure

Skill      XL: |  1  2  3  4  5 |
---------------+----------------+-----
Shapeshifting  | 3 4 |  4.5
Armour         | 1 |  1.0
Fighting       | 2 3 |  3.1
Evocations     | 1 |  1.7
Dodging        | |  1.7
Unarmed Combat | |  2.6

Action                     |  1- 3 |  4- 6 || total
---------------------------+-------+-------++-------
  Melee: Unarmed           |    91 |   164 ||   255
         Tailslap          |     7 |    24 ||    31
         Punch             |       |     4 ||     4
    Use: Potion            |       |    14 ||    14
         Scroll            |       |     4 ||     4
   Stab: Invisible         |       |     1 ||     1
 Armour: Animal skin       |    35 |    85 ||   120
         Skin              |       |     5 ||     5
  Dodge: Dodged            |    52 |   107 ||   159

Table legend: (Time is in decaauts)
 A = Elapsed time spent in this place.
 B = Non-inter-level travel time spent in this place.
 C = Inter-level travel time spent in this place.
 D = Time resting spent in this place.
 E = Time spent auto-exploring this place.
 F = Levels seen in this place.
 G = Mean time per level.
                   A        B        C        D        E       F      G
               +--------+--------+--------+--------+--------+-----+--------+
         Total |   3152 |   3023 |    129 |    685 |   1416 |   5 |  630.4 |
       Dungeon |   2240 |   2111 |    129 |    209 |   1310 |   4 |  560.0 |
         Sewer |    911 |    911 |      0 |    476 |    106 |   1 |  911.0 |
               +--------+--------+--------+--------+--------+-----+--------+

Top non-repeatable levels by time:
   Sewer: 911 daAuts
     D:1: 812 daAuts
     D:3: 715 daAuts
     D:2: 617 daAuts
     D:4: 95 daAuts
